 Dungeon Crawl Stone Soup version 0.28-a0-194-g42b4daccc1 (webtiles) character file.

Game seed: 12376783747845399219

613 Ezendos the Sneak (level 7, -1/46 HPs)
             Began as an Octopode Brigand on Aug 18, 2021.
             Was a Priest of Vehumet.
             Slain by a black bear (6 damage)
             ... on level 6 of the Dungeon.
             The game lasted 00:21:12 (7671 turns).

Ezendos the Sneak (Octopode Brigand)                Turns: 7671, Time: 00:21:13

Health: -1/46      AC:  1    Str: 11    XL:     7   Next: 44%
Magic:  8/12       EV: 13    Int: 15    God:    Vehumet [***...]
Gold:   223        SH:  0    Dex: 13    Spells: 3/13 levels left

rFire   . . .      SeeInvis .   j - +0 dagger (drain)
rCold   . . .      Faith    .   (no shield)
rNeg    . . .      Spirit   .   (helmet restricted)
rPois   .          Reflect  .   (no amulet)
rElec   .          Harm     .   (no ring)
rCorr   .          Rampage  .   (no ring)
Will    .....                   (no ring)
Stlth   ++++......              (no ring)
HPRegen 0.15/turn               (no ring)
MPRegen 0.13/turn               (no ring)
                                (no ring)
                                (no ring)

@: no status effects
A: almost no armour, amphibious, 8 rings, camouflage 1, gelatinous body 1,
(nimble swimmer 1), tentacles
a: Renounce Religion


You were on level 6 of the Dungeon.
You worshipped Vehumet.
Vehumet was most pleased with you.
You visited 1 branch of the dungeon, and saw 6 of its levels.

You collected 223 gold pieces.

Inventory:

Hand Weapons
 a - a +2 dagger
 g - a +0 spear
 j - a +0 dagger of draining (weapon)
Missiles
 b - 24 poisoned darts
 c - 2 curare-tipped darts
Scrolls
 d - 2 scrolls of amnesia
 f - a scroll of enchant weapon {unknown}
 q - a scroll of fog
 r - a scroll of enchant armour {unknown}
 s - a scroll of silence
Potions
 k - a potion of mutation
 m - a potion of might
 n - a potion of flight
 p - 2 potions of curing


   Skills:
 + Level 3.6 Fighting
 - Level 2.0 Short Blades
 - Level 0.2(1.2) Long Blades
 - Level 2.0 Throwing
 - Level 2.0 Dodging
 + Level 5.3 Stealth
 * Level 3.6 Spellcasting
 - Level 3.0 Conjurations
 * Level 3.9 Air Magic


You had 3 spell levels left.
You knew the following spells:

 Your Spells              Type           Power      Damage    Failure   Level
a - Shock                 Conj/Air       52%        1d6       1%          1
b - Airstrike             Air            7%         N/A       11%         4
c - Static Discharge      Conj/Air       13%        N/A       1%          2
A - Swiftness             Air            14%        N/A       11%         3

Your spell library contained the following spells:

 Spells                   Type           Power      Damage    Failure   Level
 Dazzling Flash           Conj/Hex       14%        N/A       9%          3
 Beastly Appendage        Tmut           4%         N/A       19%         1
 Wereblood                Tmut           2%         N/A       28%         2
 Gell's Gravitas          Tloc           1%         N/A       50%         3
 Lesser Beckoning         Tloc           1%         N/A       50%         3
 Spider Form              Tmut/Pois      1%         N/A       50%         3
 Teleport Other           Tloc           2%         N/A       50%         3
 Ice Form                 Ice/Tmut       2%         N/A       88%         4
 Silence                  Hex/Air        4%         N/A       93%         5
 Agony                    Necr           2%         N/A       99%         5
 Borgnjor's Vile Clutch   Necr/Erth      1%         N/A       99%         5
 Storm Form               Tmut/Air       4%         N/A       100%        7


Dungeon Overview and Level Annotations

Branches:
Dungeon (6/15)             Temple (0/1) D:5

Altars:
Cheibriados
Okawaru
Trog
Vehumet
Xom

Annotations:
D:3 Edmund
D:4 2 transporters, rigao's ghost, weakling MfAK


Innate Abilities, Weirdness & Mutations

You cannot wear most types of armour.
You are amphibious.
You can wear up to eight rings at the same time.
Your skin changes colour to match your surroundings (Stealth+).
Your rubbery body absorbs attacks. (AC +1, EV +1)
((You are camouflaged near water. (Stealth+)))
You have tentacles for arms and can constrict up to eight enemies at once.


Message History

Aiming: Shock (safe; 1% risk of failure)
Press: ? - help, Shift-Dir - straight line, f/p - black bear
Aim: a black bear (heavily wounded, 77% to hit)
The zap hits the black bear.
The black bear is severely wounded.
Casting: Shock (safe; 1% risk of failure)
Confirm with . or Enter, or press ? or * to list all spells.
Aiming: Shock (safe; 1% risk of failure)
Press: ? - help, Shift-Dir - straight line, f/p - black bear
Aim: a black bear (severely wounded, 77% to hit)
The zap hits the black bear.
The black bear is severely wounded.
Casting: Shock (safe; 1% risk of failure)
Confirm with . or Enter, or press ? or * to list all spells.
Aiming: Shock (safe; 1% risk of failure)
Press: ? - help, Shift-Dir - straight line, f/p - black bear
Aim: a black bear (severely wounded, 77% to hit)
The zap hits the black bear.
The black bear is almost dead.
The black bear goes berserk!
Casting: Shock (safe; 1% risk of failure)
Confirm with . or Enter, or press ? or * to list all spells.
Aiming: Shock (safe; 1% risk of failure)
Press: ? - help, Shift-Dir - straight line, f/p - black bear
Aim: a black bear (almost dead, berserk, 77% to hit)
The zap hits the black bear.
The black bear is almost dead.
The black bear bites you.
* * * LOW HITPOINT WARNING * * *
The black bear claws you.
* * * LOW HITPOINT WARNING * * *
The black bear claws you.
* * * LOW HITPOINT WARNING * * *
Okay, then.
Okay, then.
Okay, then.
You feel better. The black bear bites you!
* * * LOW HITPOINT WARNING * * *
The black bear claws you.
You die...

#.......# ...# #
#.......# #..##.#
##.....####...#.###.
##...[...##.#.......
#................#..
###.........#.........
##......>..#.#.<.......
##............).........
#...........@......$....
#...........#h..........
#...........#.#.........
##......................
##.......#.#...........
######................
#..#.##.........
#.....#......#
...##..###.....


You could see a black bear (berserk).

Vanquished Creatures
  A phantom (D:5)
  A bullfrog zombie (D:5)
  A jelly (D:6)
  A hound (D:5)
  Jessica (D:2)
  3 iguanas (D:4)
  Natasha (D:1)
  A scorpion zombie (D:5)
  An orc wizard (D:3)
  Robin (D:2)
  7 gnolls
  A howler monkey skeleton (D:4)
  4 adders
  A shadow imp (D:6)
  An adder skeleton (D:4)
  4 worms
  3 dart slugs
  3 orcs
  8 endoplasms
  A giant cockroach (D:3)
  20 goblins
  21 hobgoblins
  A jackal (D:4)
  5 quokkas
  7 ball pythons
  4 bats
  2 frilled lizards (D:1)
  6 kobolds
  6 rats
117 creatures vanquished.

Notes
Turn   | Place    | Note
-------+----------+-------------------------------------------
     0 | D:1      | Ezendos the Octopode Brigand began the quest for the Orb.
     0 | D:1      | Reached XP level 1. HP: 14/14 MP: 1/1
   292 | D:1      | Reached XP level 2. HP: 20/20 MP: 2/2
   461 | D:1      | Found a faded altar of an unknown god.
   467 | D:1      | Became a worshipper of Vehumet
   467 | D:1      | Reached * piety under Vehumet
   467 | D:1      | Offered knowledge of Shock by Vehumet.
   470 | D:1      | Learned a level 1 spell: Shock
   993 | D:2      | Reached XP level 3. HP: 21/25 MP: 0/3
  1219 | D:2      | Noticed Natasha
  1247 | D:1      | Killed Natasha
  1248 | D:1      | Reached skill level 1 in Spellcasting
  1248 | D:1      | Reached skill level 1 in Conjurations
  1248 | D:1      | Reached skill level 1 in Air Magic
  1537 | D:2      | Reached XP level 4. HP: 28/31 MP: 3/5
  2014 | D:2      | Reached ** piety under Vehumet
  2014 | D:2      | Offered knowledge of Foxfire by Vehumet.
  2230 | D:2      | Noticed Jessica
  2233 | D:2      | Killed Jessica
  2234 | D:2      | Reached XP level 5. HP: 36/36 MP: 3/7
  2445 | D:2      | Noticed Robin
  2463 | D:2      | Killed Robin
  3259 | D:3      | Learned a level 4 spell: Airstrike
  3319 | D:3      | Found an iron altar of Okawaru.
  3526 | D:3      | Found a shimmering altar of Xom.
  3674 | D:3      | Found a snail-covered altar of Cheibriados.
  3743 | D:3      | Offered knowledge of Static Discharge by Vehumet.
  3749 | D:3      | Reached XP level 6. HP: 36/42 MP: 2/9
  4121 | D:3      | Noticed a moth of wrath
  4124 | D:3      | Found a bloodstained altar of Trog.
  4164 | D:3      | Reached *** piety under Vehumet
  4494 | D:4      | Found a transporter.
  4501 | D:4      | Got the Guide on Transformation and Earth
  4711 | D:4      | Found a transporter.
  4994 | D:4      | Noticed rigao's ghost (weakling MfAK)
  5420 | D:5      | Entered Level 5 of the Dungeon
  5675 | D:5      | Noticed Edmund
  5969 | D:4      | Learned a level 2 spell: Static Discharge
  6748 | D:5      | Found a staircase to the Ecumenical Temple.
  6773 | D:5      | Reached XP level 7. HP: 20/46 MP: 1/11
  7417 | D:5      | Learned a level 3 spell: Swiftness
  7670 | D:6      | HP: 1/46 [black bear (3)]
  7671 | D:6      | Slain by a black bear

Illustrated notes

Levels and vault maps discovered:
D:1:      minmay_arrival_cross, layout_loops_ring,
          ebering_ecumenical_altar_petrified
D:2:      layout_basic, uniq_robin, uniq_natasha, uniq_jessica
D:3:      cheibrodos_greedy_goblins, layout_loops_corners,
          kennysheep_slug_shrine, nicolae_overflow_hidden_temple, tgw_trog,
          okawaru_gym_becter, skrybe_limestone_x, corexii_corridor_pit,
          st_stairs_5, minmay_misc_feat_nine_boxes, grunt_ministairs_1,
          nrook_mini_vaults
D:4:      layout_rooms, gammafunk_ghost_stat_death, minmay_bisected
D:5:      kennysheep_kobold_camp, layout_rooms, cheibrodos_ashenzari_chains,
          minmay_temple_entry_hall, amethyst_killhole, uniq_edmund
D:6:      layout_rooms, uniq_eustachio

Skill      XL: |  1  2  3  4  5  6  7 |
---------------+----------------------+-----
Fighting       | 3 |  3.6
Spellcasting   | 1 2 3 |  3.6
Conjurations   | 1 2 3 |  3.0
Air Magic      | 1 2 3 |  3.9
Dodging        | 2 |  2.0
Short Blades   | |  2.0
Long Blades    | |  0.2
Throwing       | |  2.0
Stealth        | |  5.3

Action                   |  1- 3 |  4- 6 |  7- 9 || total
-------------------------+-------+-------+-------++-------
Melee: Dagger            |    51 |    35 |    25 ||   111
       Constrict         |    11 |    10 |     1 ||    22
       Tentacles         |     9 |     8 |       ||    17
       Long sword        |     4 |       |       ||     4
 Cast: Shock             |    24 |   229 |    35 ||   288
       Static Discharge  |       |    11 |     4 ||    15
  Use: Potion            |     2 |     2 |     3 ||     7
       Scroll            |       |     6 |       ||     6
 Stab: Sleeping          |     5 |       |       ||     5
       Distracted        |     1 |       |       ||     1
Armor: Skin              |    17 |     2 |    19 ||    38
Dodge: Dodged            |    17 |    49 |    17 ||    83

Table legend: (Time is in decaauts)
 A = Elapsed time spent in this place.
 B = Non-inter-level travel time spent in this place.
 C = Inter-level travel time spent in this place.
 D = Time resting spent in this place.
 E = Time spent auto-exploring this place.
 F = Levels seen in this place.
 G = Mean time per level.
                   A        B        C        D        E       F      G
               +--------+--------+--------+--------+--------+-----+--------+
         Total |   7677 |   7469 |    208 |    895 |   5051 |   6 | 1279.5 |
       Dungeon |   7677 |   7469 |    208 |    895 |   5051 |   6 | 1279.5 |
               +--------+--------+--------+--------+--------+-----+--------+

Top non-repeatable levels by time:
     D:3: 1988 daAuts
     D:4: 1927 daAuts
     D:2: 1716 daAuts
     D:1: 1162 daAuts
     D:5: 558 daAuts
     D:6: 325 daAuts
